 Dungeon Crawl Stone Soup version 0.31.0-4-g52a2dc7128 (webtiles) character file.

Game seed: 4812976456585038674

29 Gottschkopf the Changeling (level 3, -2/18 HPs)
             Began as a Draconian Shapeshifter on Jan 21, 2024.
             Slain by a cerulean imp
             ... wielding a +1 spear
             ... summoned by Natasha
              (5 damage)
             ... on level 2 of the Dungeon.
             The game lasted 00:07:30 (873 turns).

Gottschkopf the Changeling (Draconian Shapeshifter)  Turns: 873, Time: 00:07:31

Health: -2/18      AC:  6    Str: 16    XL:     3   Next: 1%
Magic:  3/3        EV: 16    Int: 10    God:
Gold:   63         SH:  0    Dex: 12    Spells: 2/2 levels left

rFire   . .          .
                       - Unarmed
rCold   . . .        (shield currently unavailable)
rNeg    . . .        (body armour unavailable)
rPois   .            (helmet restricted)
rElec   .            f - +0 cloak
rCorr   .            (no gloves)
SInv    .            (no boots)
Will    .....        (no amulet)
Stlth   +            (no ring)
HPRegen 0.23/turn    (no ring)
MPRegen 0.08/turn

%: no passive effects
@: flux-form, glowing
A: glow, contaminating, reduced hp, AC +5, unfitting armour, cold-blooded
a: Begin Untransformation


You were on level 2 of the Dungeon.
You were something dangerously unstable.
You visited 1 branch of the dungeon, and saw 2 of its levels.

You collected 63 gold pieces.

Inventory:

Armour
 f - a +0 cloak (worn)
Talismans
 b - a beast talisman
 c - a flux talisman (active)
Scrolls
 d - 3 scrolls of identify {unknown}
 e - a scroll of vulnerability {unknown}
 g - a scroll of fog {unknown}
Potions
 a - a potion of lignification
 h - a potion of curing {unknown}
 i - a potion of heal wounds {unknown}


   Skills:
 + Level 1.8 Fighting
 + Level 2.1 Dodging
 + Level 3.3 Unarmed Combat
 + Level 3.3 Shapeshifting


You had 2 spell levels left.
You didn't know any spells.
Your spell library was empty.

Dungeon Overview and Level Annotations

Branches:
Dungeon (2/15)

Altars:

Shops:
D:1 (

Annotations:
D:2 Natasha


Innate Abilities, Weirdness & Mutations

You are something dangerously unstable.
You glow with magical radiation, making you easy to see and hit.
Foes you strike become dangerously contaminated with magical radiation.
Your maximum health is decreased, since you lack skill for your form.
You are incapable of wielding weapons or throwing items.
Your plain brown scales are hard. (AC +5)
You cannot fit into any form of body armour.
You are cold-blooded and may be slowed by cold attacks.


Message History

Natasha mumbles some strange words.
You have reached level 3!
Your experience leads to an increase in your attributes!
Increase (S)trength, (I)ntelligence, or (D)exterity?
You feel agile. x2; Your scales feel tougher.
Natasha stares at you and mumbles some strange words.
The magic dart hits you.
The cerulean imp hits you from afar with a +1 spear.
Things that are here:
a +0 club; a goblin corpse You hit Natasha but do no damage.
Natasha begins to glow.
Natasha claws you.
* * * LOW HITPOINT WARNING * * *
You closely miss Natasha.
Your tail-slap misses Natasha.
The cerulean imp misses you.
Natasha casts a spell.
You hit Natasha.
Natasha glows dangerously bright.
You tail-slap Natasha.
Natasha is moderately wounded.
The cerulean imp misses you. Natasha claws you.
* * * LOW HITPOINT WARNING * * *
You hit Natasha but do no damage.
Natasha shudders as magic cascades through her.
Natasha twists and deforms.
Natasha is severely wounded.
The cerulean imp hits you but does no damage.
Natasha casts a spell at you.
The magic dart hits you but does no damage.
The cerulean imp barely misses you.
Press: ? - help, v - describe, . - travel
Here: Natasha (severely wounded, misshapen and mutated)
The floor.
There are monsters nearby!
You closely miss Natasha.
Natasha is severely wounded.
The cerulean imp closely misses you. Natasha claws you but does no damage.
The cerulean imp hits you from afar with a +1 spear.
* * * LOW HITPOINT WARNING * * *
You closely miss Natasha.
Natasha is severely wounded.
The cerulean imp hits you from afar with a +1 spear.
You die...

...#.#.#.#.#.####.# #
.........#......... #.#
#.##.##.......# #.# .#.##
#.##.##.###†#.# #.##.....
#.##.##.......###.....$..
.....####(....#...#......
#.#### #..[..#.55.......
#.# #.....#.h.# #>#
##.....##p## #.#
#.....[.#.# #.#
#.#####.#.#
#.######.#####.#.#
......##.##.<....#
..###.##.......###
..###.##.......#
..#..†......##.#
....#.##.#####.#


You could see Natasha (misshapen) and 2 cerulean imps.

Vanquished Creatures
  An adder (D:2)
  A dart slug (D:1)
  A bat (D:2)
  4 endoplasms
  3 goblins
  5 kobolds (D:1)
  4 rats (D:1)
19 creatures vanquished.

Notes
Turn   | Place    | Note
-------+----------+-------------------------------------------
     0 | D:1      | Gottschkopf the Draconian Shapeshifter began the quest for
                  | the Orb.
     0 | D:1      | Reached XP level 1. HP: 16/16 MP: 1/1
    82 | D:1      | Reached XP level 2. HP: 23/23 MP: 2/2
   112 | D:1      | You fall into a shaft and drop 1 floor!
   702 | D:1      | Found Teiddian's Weapon Emporium.
   855 | D:2      | Noticed Natasha
   867 | D:2      | Reached XP level 3. HP: 18/29 MP: 3/3
   873 | D:2      | Slain by a cerulean imp

Illustrated notes

Levels and vault maps discovered:
D:1:      sevenhm_arrival_forest_fort_small_3, layout_basic, serial_shops, shop
D:2:      layout_loops_cross, dreamdust_ecumenical_altar_drowned_temple,
          st_stairs_10, uniq_natasha, uniq_robin

Skill      XL: |  1  2 |
---------------+-------+-----
Dodging        | 2 |  2.1
Fighting       | |  1.8
Unarmed Combat | |  3.3
Shapeshifting  | |  3.3

Action                     || total
---------------------------++-------
  Melee: Unarmed           ||    59
         Tailslap          ||     4
         Punch             ||     1
 Armour: Skin              ||    29
  Dodge: Dodged            ||    27
   Form: Beast             ||     1
                           ||     1
         Flux              ||     1
